 Dungeon Crawl Stone Soup version 0.23.2-1-ga50397a (webtiles) character file.

Game seed: 10545855776253566175

1440 Fang the Skirmisher (level 8, 0/52 HPs)
             Began as a Gargoyle Berserker on May 6, 2019.
             Was an Elder of Trog.
             Slain by a gnoll
             ... wielding a +0 halberd
              (6 damage)
             ... on level 5 of the Dungeon.
             The game lasted 00:05:39 (5911 turns).

Fang the Skirmisher (Gargoyle Berserker)            Turns: 5911, Time: 00:05:39

Health: 0/52       AC: 15    Str: 23    XL:     8   Next: 74%
Magic:  8/8        EV: 10    Int:  8    God:    Trog [****..]
Gold:   224        SH:  0    Dex:  9    Spells: 7/7 levels left

rFire    . . .     SeeInvis .   a - +0 hand axe
rCold    + . .     Gourm    .   (no shield)
rNeg     + . .     Faith    .   b - +0 chain mail
rPois    ∞         Spirit   .   (no helmet)
rElec    +         Reflect  .   (no cloak)
rCorr    .         Harm     .   (no gloves)
MR       .....                  (no boots)
Stlth    ..........             (no amulet)
HPRegen  0.17/turn              d - ring of attention (curse)
MPRegen  0.11/turn              v - ring of protection from cold

@: berserk cooldown, very slightly contaminated, slowed, very slow
A: negative energy resistance 1, electricity resistance, unbreathing,
petrification resistance, rot immunity, AC +5
a: Berserk, Trog's Hand, Brothers in Arms, Renounce Religion


You were on level 5 of the Dungeon.
You worshipped Trog.
Trog was greatly pleased with you.
You were near starving.

You visited 1 branch of the dungeon, and saw 5 of its levels.
You also visited: Sewer.

You collected 224 gold pieces.

Inventory:

Hand Weapons
 a - a +0 hand axe (weapon)
Armour
 b - a +0 chain mail (worn)
Jewellery
 d - a cursed ring of attention (left hand)
 v - a ring of protection from cold (right hand)
Scrolls
 e - 5 scrolls of immolation {unknown}
 f - a scroll of enchant weapon {unknown}
 g - 3 scrolls of remove curse {unknown}
 h - 11 scrolls of identify {unknown}
 i - a scroll of enchant armour {unknown}
 j - a scroll of blinking {unknown}
 k - a scroll of fear {unknown}
 l - a scroll of teleportation {unknown}
 q - a scroll of amnesia {unknown}
Potions
 m - a potion of magic {unknown}
 o - a potion of flight {unknown}
 p - a potion of ambrosia {unknown}
 r - 9 potions of heal wounds {unknown}
 s - 5 potions of curing {unknown}
 t - 2 potions of agility {unknown}
 u - a potion of brilliance {unknown}
Comestibles
 c - 8 rations


   Skills:
 + Level 6.6 Fighting
 + Level 5.5 Axes
 + Level 6.1 Armour
 + Level 4.5 Dodging


You had 7 spell levels left.
You didn't know any spells.
Your spell library was empty.

Dungeon Overview and Level Annotations

Branches:
Dungeon (5/15)
 Temple: D:4-7

Altars:
Xom

Shops:
D:4 ?   D:5 ==((


Innate Abilities, Weirdness & Mutations

You are resistant to torment.
Your stone body is resilient. (AC +5)
You are immune to poison.
You resist negative energy. (rN+)
You are resistant to electric shocks. (rElec)
You can survive without breathing.
You are immune to petrification.
You are immune to rotting.


Message History

The gnoll hits you but does no damage. The gnoll closely misses you.
You slash the gnoll!
The gnoll is heavily wounded.
The gnoll hits you but does no damage.
You closely miss the gnoll.
The gnoll is heavily wounded.
The gnoll hits you but does no damage.
You closely miss the gnoll.
The gnoll is heavily wounded.
The gnoll completely misses you. The gnoll hits you but does no damage.
You completely miss the gnoll.
The gnoll is heavily wounded.
The gnoll closely misses you.
You closely miss the gnoll.
The gnoll is heavily wounded.
The gnoll completely misses you.
You closely miss the gnoll.
The gnoll is heavily wounded.
The gnoll hits you with a +0 halberd.
You die...

###..# ###.....
##.####.......
#.#....##.#..
####...###...#..
#......###.#.... .
#.####.......... .∩.
##.#####...######
.....###))).............
.......@..##.##.........
......g........[.....P).
....≈≈≈≈≈≈≈≈≈≈≈≈≈≈≈≈≈≈≈.
....≈≈≈≈≈≈≈≈≈≈≈≈≈≈≈≈≈≈≈.
....≈≈≈≈≈≈≈≈≈≈≈≈#####≈≈.
................#gg.#≈≈.
''''#############...#≈≈.
.... #' #≈≈P ≈≈≈.


You could see a gnoll.

Vanquished Creatures
  Menkaure (D:4)
  Edmund (D:5)
  A centaur (D:5)
  2 ogres (D:5)
  A phantom (D:4)
  3 big kobolds (Sewer)
  4 crimson imps (D:5)
  A centaur zombie (D:2)
  A gnoll shaman (D:5)
  3 worker ants
  A hound zombie (D:5)
  A hound skeleton (D:3)
  10 adders
  2 gnolls (D:5)
  5 river rats (Sewer)
  3 oozes
  An adder skeleton (D:4)
  5 worms
  A dart slug (D:1)
  3 leopard geckos
  8 orcs
  4 ball pythons (Sewer)
  6 giant cockroaches
  8 goblins
  10 hobgoblins
  6 jackals
  21 kobolds
  2 quokkas
  9 bats
  6 frilled lizards
  23 rats
153 creatures vanquished.

Vanquished Creatures (others)
  An ogre (D:5)
1 creature vanquished.

Grand Total: 154 creatures vanquished

Notes
Turn   | Place    | Note
-------+----------+-------------------------------------------
     0 | D:1      | Fang the Gargoyle Berserker began the quest for the Orb.
     0 | D:1      | Reached XP level 1. HP: 14/14 MP: 1/1
   156 | D:1      | Reached XP level 2. HP: 16/19 MP: 2/2
   637 | D:2      | Reached XP level 3. HP: 23/23 MP: 3/3
   674 | D:2      | You fall through a shaft for 2 floors!
   836 | D:4      | Reached XP level 4. HP: 23/29 MP: 4/4
   897 | D:4      | Noticed Menkaure
   907 | D:4      | Killed Menkaure
   907 | D:4      | Reached XP level 5. HP: 23/34 MP: 5/5
  1571 | D:4      | Noticed a phantom
  1585 | D:4      | Reached ** piety under Trog
  1585 | D:4      | HP: 1/34 [phantom (6)]
  1621 | D:4      | HP: 1/34 [phantom (3)]
  2055 | D:3      | Reached XP level 6. HP: 37/39 MP: 6/6
  2226 | D:3      | Found a glowing drain.
  2246 | Sewer    | Entered a sewer
  2637 | Sewer    | Reached *** piety under Trog
  2736 | Sewer    | Reached skill level 5 in Fighting
  2740 | Sewer    | Reached XP level 7. HP: 18/44 MP: 7/7
  3834 | D:4      | Found Xikhonux's Magic Scroll Shoppe.
  4357 | D:2      | Reached skill level 5 in Armour
  4697 | D:2      | Reached **** piety under Trog
  5144 | D:5      | Entered Level 5 of the Dungeon
  5173 | D:5      | Noticed Edmund
  5210 | D:5      | Killed Edmund
  5210 | D:5      | Reached XP level 8. HP: 31/51 MP: 8/8
  5386 | D:5      | Reached skill level 5 in Axes
  5524 | D:5      | Found Riemusytuli's Jewellery Shop.
  5524 | D:5      | Found Iboluc's Antique Weapon Boutique.
  5564 | D:5      | Found Ucazxy's Weapon Boutique.
  5779 | D:5      | Found a shimmering altar of Xom.
  5900 | D:5      | Found Kamasyno's Jewellery Shoppe.
  5911 | D:5      | Slain by a gnoll

Skill      XL: |  1  2  3  4  5  6  7  8 |
---------------+-------------------------+-----
Dodging        | 2 3 4 |  4.5
Axes           | 3 4 5 |  5.5
Armour         | 3 4 5 6 |  6.1
Fighting       | 4 5 6 |  6.6

Action                   |  1- 3 |  4- 6 |  7- 9 || total
-------------------------+-------+-------+-------++-------
Melee: Hand axe          |    85 |   200 |   364 ||   649
Invok: Berserk           |       |     3 |     2 ||     5
       Trog's Hand       |       |     1 |       ||     1
 Stab: Invisible         |       |       |     3 ||     3
  Eat: Chunk             |       |     9 |    11 ||    20
Armor: Animal skin       |    24 |    83 |     7 ||   114
       Chain mail        |       |       |   215 ||   215
Dodge: Dodged            |    71 |   142 |   237 ||   450
